 Dungeon Crawl Stone Soup version 0.30-a0-924-g0ad0bf95bc (webtiles) character file.

Game seed: 10884991756364243979

495613 2tousent the Hill Orc Cataclysm (level 25, -7/257 HPs)
             Began as a Hill Orc Fighter on Mar 22, 2023.
             Was a High Priest of Qazlal.
             Mangled by a daeva
             ... wielding a +4 long sword of holy wrath
              (13 damage)
             ... on level 3 of the Abyss on Mar 23, 2023.
             The game lasted 03:02:41 (37810 turns).

2tousent the Hill Orc Cataclysm (Hill Orc Fighter) Turns: 37810, Time: 03:02:41

Health: -7/257     AC: 38    Str: 34    XL:     25   Next: 12%
Magic:  40/40      EV: 11    Int:  6    God:    Qazlal [*****.]
Gold:   4512       SH:  0    Dex: 16    Spells: 36/38 levels left

rFire   + + +      SeeInvis +    a - +9 broad axe (vamp)
rCold   + + .      Faith    .    c - +2 kite shield {reflect}
rNeg    . . .      Spirit   .    R - +8 gold dragon scales
rPois   +          Reflect  +    g - +2 hat
rElec   +          Rampage  .    (no cloak)
rCorr   +                        v - +1 pair of gloves {Str+3}
Will    +....                    t - +1 pair of boots {Fly} Stlth
                                 o - amulet of regeneration
HPRegen 0.00/turn                u - +4 ring of slaying
MPRegen 0.27/turn                h - ring of Nemiudac {rF+ Dex+6 SInv}

@: confused, resistant, ambrosia-drunk, protected from fire, sick, flying,
hasted, glowing, repel missiles, very quick
A: dopey 1, sense surroundings 1, screaming 1, MP-powered wands
}: 2/15 runes: decaying, gossamer
a: Renounce Religion, Upheaval, Elemental Force, Disaster Area


You were on level 3 of the Abyss.
You worshipped Qazlal.
Qazlal was extremely pleased with you.
You visited 8 branches of the dungeon, and saw 40 of its levels.
You visited the Abyss 3 times.
You also visited: Sewer, Ice Cave, Wizlab and Desolation.

You collected 6227 gold pieces.
You spent 1715 gold pieces at shops.

Inventory:

Hand Weapons
 a - a +9 vampiric broad axe (weapon)
 B - the +0 war axe of the Beginning {flame, Will+ rCorr Str+4 Dex+2}
   (You found it in the Desolation of Salt)

   Str:       It affects your strength (+4).
   Dex:       It affects your dexterity (+2).
   rCorr:     It protects you from acid and corrosion.
   Will:      It increases your willpower.
Armour
 c - a +2 kite shield of reflection (worn)
 g - a +2 hat (worn)
 t - a +1 pair of boots of flying (worn)
 v - a +1 pair of gloves of strength (worn)
 R - +8 gold dragon scales (worn)
 V - the +4 chain mail of the Trilobite {Regen+}
   (You bought it in a shop on level 2 of the Orcish Mines)

   Regen:     It increases your rate of health regeneration.
Jewellery
 b - the ring of Polytheism {rElec AC+4 Int+5}
   (You found it in the Desolation of Salt)

   [ring of protection]

   AC:        It affects your AC (+4).
   Int:       It affects your intelligence (+5).
   rElec:     It insulates you from electricity.
 h - the ring of Nemiudac (right hand) {rF+ Dex+6 SInv}
   (You found it in the Desolation of Salt)

   [ring of dexterity]

   Dex:       It affects your dexterity (+6).
   rF:        It protects you from fire.
   SInv:      It lets you see invisible.
 j - the amulet of Satyriasis {rPois Regen+ Dex-3 Stlth+}
   (You found it in the Desolation of Salt)

   [amulet of regeneration]

   Dex:       It affects your dexterity (-3).
   rPois:     It protects you from poison.
   Regen:     It increases your rate of health regeneration.
   Stlth:     It makes you more stealthy.
 o - an amulet of regeneration (around neck)
 p - an amulet of faith
 u - a +4 ring of slaying (left hand)
 w - a +5 ring of evasion
 S - the ring of the Eagle {rF+ rCorr Str+6 Int+3}
   (You found it in the Desolation of Salt)

   [ring of strength]

   Str:       It affects your strength (+6).
   Int:       It affects your intelligence (+3).
   rF:        It protects you from fire.
   rCorr:     It protects you from acid and corrosion.
 Y - a ring of positive energy
 Z - a +6 ring of strength
Wands
 r - a wand of flame (67)
 y - a wand of roots (29)
 A - a wand of digging (3)
 G - a wand of polymorph (6)
 H - a wand of charming (32)
 L - a wand of mindburst (7)
 T - a wand of light (8)
Scrolls
 e - 21 scrolls of identify
 f - 15 scrolls of vulnerability
 n - 13 scrolls of teleportation
 E - 3 scrolls of silence
 J - 5 scrolls of fog
 K - 4 scrolls of poison
 N - 8 scrolls of blinking
 O - 8 scrolls of fear
 P - 2 scrolls of butterflies
 Q - 3 scrolls of magic mapping
Potions
 d - 2 potions of berserk rage
 k - 7 potions of attraction
 l - 10 potions of curing
 m - 5 potions of haste
 q - 3 potions of resistance
 s - 8 potions of lignification
 x - 8 potions of flight
 z - 5 potions of magic
 D - 5 potions of might
 F - 5 potions of brilliance
 M - 12 potions of mutation
 U - a potion of cancellation
Miscellaneous
 C - a phantom mirror
 W - a condenser vane
 X - a phantom mirror


   Skills:
 O Level 27 Fighting
 + Level 22.4 Axes
 - Level 20.0 Armour
 - Level 10.0 Dodging
 - Level 16.0 Shields
 + Level 7.0 Spellcasting
 + Level 7.0 Transmutations
 O Level 27 Invocations
 - Level 10.0 Evocations


You had 36 spell levels left.
You knew the following spells:

 Your Spells              Type           Power      Damage    Failure   Level
a - Wereblood             Tmut           10%        N/A       26%         2

Your spell library contained the following spells:

 Spells                   Type           Power      Damage    Failure   Level
 Sting                    Tmut/Pois      24%        1d4       58%         1
 Passwall                 Tmut/Erth      5%         N/A       75%         2
 Foxfire                  Conj/Fire      8%         2x1d4     97%         1
 Magic Dart               Conj           8%         1d3       97%         1
 Necrotise                Necr           8%         1d4       97%         1
 Shock                    Conj/Air       8%         1d3       97%         1
 Slow                     Hex            8%         N/A       97%         1
 Ignite Poison            Fire/Tmut/Pois 4%         N/A       98%         3
 Blink                    Tloc           4%         N/A       99%         2
 Cigotuvi's Dreadful Rot  Necr/Pois/Air  4%         N/A       99%         2
 Ensorcelled Hibernation  Hex/Ice        4%         N/A       99%         2
 Momentum Strike          Conj/Tloc      4%         3d8       99%         2
 Poisonous Vapours        Pois/Air       4%         N/A       99%         2
 Scorch                   Fire           4%         2d5       99%         2
 Searing Ray              Conj           4%         2d4       99%         2
 Static Discharge         Conj/Air       4%         2-3/arc   99%         2
 Sublimation of Blood     Necr           2%         N/A       99%         2
 Blade Hands              Tmut           5%         N/A       99%         5
 Confusing Touch          Hex            2%         N/A       100%        3
 Dazzling Flash           Conj/Hex       4%         N/A       100%        3
 Gell's Gravitas          Tloc           2%         N/A       100%        3
 Kindle Blastsparks       Fire/Tloc/Air  4%         2d10      100%        3
 Mephitic Cloud           Conj/Pois/Air  2%         N/A       100%        3
 Ozocubu's Armour         Ice            2%         N/A       100%        3
 Portal Projectile        Hex/Tloc       4%         N/A       100%        3
 Stone Arrow              Conj/Erth      4%         3d7       100%        3
 Summon Guardian Golem    Hex/Summ       2%         N/A       100%        3
 Swiftness                Air            2%         N/A       100%        3
 Vampiric Draining        Necr           2%         2d6       100%        3
 Vhi's Electric Charge    Tloc/Air       4%         N/A       100%        3
 Airstrike                Air            1%         2d(1-17)  100%        4
 Animate Armour           Summ/Erth      4%         N/A       100%        4
 Dispel Undead            Necr           2%         3d7       100%        4
 Flame Wave               Conj/Fire      2%         2d4       100%        4
 Fulminant Prism          Conj/Hex       1%         3d5       100%        4
 Ice Form                 Ice/Tmut       6%         N/A       100%        4
 Iskenderun's Mystic Bla  Conj/Tloc      2%         2d3       100%        4
 Manifold Assault         Tloc           2%         N/A       100%        4
 Olgreb's Toxic Radiance  Pois           2%         N/A       100%        4
 Petrify                  Tmut/Erth      6%         N/A       100%        4
 Sticky Flame             Conj/Fire      2%         2d3       100%        4
 Agony                    Necr           2%         N/A       100%        5
 Arcjolt                  Conj/Air       1%         1d11      100%        5
 Fireball                 Conj/Fire      1%         3d3       100%        5
 Freezing Cloud           Conj/Ice/Air   1%         6-21      100%        5
 Irradiate                Conj/Tmut      3%         3d12      100%        5
 Iskenderun's Battlesphe  Conj           2%         2d6       100%        5
 Metabolic Englaciation   Hex/Ice        1%         N/A       100%        5
 Plasma Beam              Fire/Air       1%         2x1d12    100%        5
 Silence                  Hex/Air        1%         N/A       100%        5
 Summon Forest            Summ/Tloc      1%         N/A       100%        5
 Summon Mana Viper        Hex/Summ       2%         N/A       100%        5
 Conjure Ball Lightning   Conj/Air       1%         3x3d6     100%        6
 Death Channel            Necr           1%         N/A       100%        6
 Eringya's Noxious Bog    Tmut/Pois      3%         N/A       100%        6
 Iron Shot                Conj/Erth      1%         9d1       100%        6
 Simulacrum               Ice/Necr       1%         N/A       100%        6
 Starburst                Conj/Fire      1%         6d3       100%        6
 Summon Cactus Giant      Summ           1%         N/A       100%        6
 Dragon Form              Tmut           5%         N/A       100%        7
 Orb of Destruction       Conj           1%         9d5       100%        7
 Ozocubu's Refrigeration  Ice            1%         4d7       100%        7
 Storm Form               Tmut/Air       3%         N/A       100%        7
 Summon Hydra             Summ           1%         N/A       100%        7
 Ignition                 Fire           1%         3d3       100%        8
 Lehudib's Crystal Spear  Conj/Erth      1%         10d2      100%        8
 Fire Storm               Conj/Fire      1%         7d1       100%        9


Dungeon Overview and Level Annotations

Branches:
Dungeon (15/15)            Temple (1/1) D:5            Lair (5/5) D:9
  Swamp (4/4) Lair:2       Spider (4/4) Lair:2        Slime (0/5) Lair:4
    Orc (2/2) D:11            Elf (0/3) Orc:2        Vaults (4/5) D:14
  Crypt (0/3) Vaults:3     Depths (4/4) D:15            Zot (0/5) Depths:4
  Sewer (visited)           IceCv (visited)          WizLab (visited)
Desolation (visited)

Altars:
Ashenzari
Dithmenos
Elyvilon
Fedhas
Gozag
Hepliaklqana
Kikubaaqudgha
Makhleb
Nemelex Xobeh
Okawaru
Qazlal
Ru
Trog
Uskayaw
Wu Jian
Yredelemnul
Zin
The Shining One
Beogh
Lugonu

Shops:
D:5 (   D:8 :   D:12 :   D:15 (   Orc:1 *   Orc:2 :([*   Vaults:2 *

Portals:
Hell: Depths:1 Depths:2 Depths:3 Depths:4
Abyss: Depths:1 Depths:2 Depths:3 Depths:4
Pandemonium: Depths:2
Ziggurat: Depths:2

Annotations:
Lair:5 exclusion: obsidian statue
Spider:4 Roxanne
Orc:1 6 transporters, caveywoolpert's ghost, journeyman GrEE
Depths:1 exclusion: orange crystal statue


Innate Abilities, Weirdness & Mutations

You are dopey. (Int -2)
You passively map a small area around you.
You occasionally shout uncontrollably at your foes.
You expend magic power (3 MP) to strengthen your wands.


Message History

You are covered in liquid flames!
You feel more protected from fire.
You are no longer on fire.
A starcursed mass splits.
The daeva calls down the wrath of the Shining One upon you.
The Shining One smites you!
* * * LOW HITPOINT WARNING * * *
Okay, then.
You are too confused!
Okay, then.
You feel protected.
You hear a bark!
A starcursed mass splits.
You hit the large abomination but do no damage.
The large abomination is lightly damaged.
You hear a bark!
You hear a shout!
You hear a bark!
The daeva calls down the wrath of the Shining One upon you.
The Shining One smites you!
* * * LOW HITPOINT WARNING * * *
A starcursed mass splits.
The large abomination hits you.
* * * LOW HITPOINT WARNING * * *
You hear a bark!
A starcursed mass splits.
The large abomination is engulfed in freezing vapours.
The daeva barely misses you. The daeva hits you but does no damage.
The daeva blocks your attack.
The daeva is heavily wounded.
You hear a bark! x2
A chorus of shrieks assaults your mind.
* * * LOW HITPOINT WARNING * * *
Unknown command.
You slice the large abomination like a ripe choko!!!
The large abomination is almost destroyed.
The daeva blocks your attack.
You hear a shout!
A chorus of shrieks assaults your mind.
* * * LOW HITPOINT WARNING * * *
The daeva is engulfed in blazing flames.
The daeva hits you with a +4 long sword of holy wrath!
You die...

##≈# # [. # ### #
## .[3#...≈≈#†. . #
#.# #≈ . .... . #
###q .3# ≈# # #.°##
.# ≈. .
##.##...##.####
.##.
#XXX..XXA.......##.
..X.####@.#.###...#
. ##.##.. .## .
#.##... #. ## #..
.. ## ..# ##


You could see 3 starcursed masses, a daeva and 2 large abominations.

Vanquished Creatures
  A dread lich (Abyss:3)
  An ancient lich (Abyss:3)
  A juggernaut (Depths:3)
  Mennas (Depths:3)
  3 caustic shrikes (Depths:4)
  Nikola (Spider:1)
  A golden dragon (Depths:4)
  A bone dragon (Abyss:2)
  4 tentacled monstrosities
  A Hell Sentinel (Abyss:2)
  2 walking earthen tomes
  3 liches
  A shard shrike skeleton (Abyss:3)
  An Executioner (Abyss:3)
  A titan (Vaults:5)
  10 tentacled starspawn (Abyss:3)
  A walking divine tome (WizLab)
  3 walking frostbound tomes
  3 shadow dragons
  7 sphinxes
  Kirke (Spider:1)
  2 thorn hunters
  A storm dragon (Depths:4)
  2 tengu reavers (Vaults:1)
  A strange machine (WizLab)
  7 fire giants
  5 emperor scorpions
  8 frost giants
  A draconian scorcher (Abyss:3)
  15 vault wardens
  2 draconian shifters (Abyss:3)
  2 iron dragons
  An imperial myrmidon (Desolation)
  4 ghost moths
  A deep elf elementalist (Abyss:3)
  A spectral juggernaut (Depths:2)
  An angel (Abyss:3)
  2 draconian stormcallers
  3 ghouls (Swamp:3)
  24 ironbound preservers
  7 broodmothers
  An orc warlord (Orc:1)
  2 draconian annihilators
  4 war gargoyles
  10 ironbound thunderhulks
  22 very ugly things
  A vampire knight (Vaults:3)
  A deep elf demonologist (Vaults:5)
  2 eleionomae
  A green draconian (Depths:4)
  17 stone giants
  A bunyip (Swamp:3)
  4 halazid warlocks (Desolation)
  A purple draconian (Depths:4)
  2 deep elf annihilators
  A red draconian (Depths:4)
  A white draconian (Depths:4)
  13 dire elephants
  2 spark wasps
  2 yellow draconians (Depths:4)
  A merfolk impaler (Depths:2)
  2 jiangshi (Depths:4)
  A merfolk javelineer (Depths:2)
  A crystal guardian (Desolation)
  5 ettins
  8 yaktaur captains
  3 deep elf death magi
  Josephine (Spider:1)
  7 entropy weavers
  12 fire dragons
  6 great orbs of eyes
  33 vault guards
  Fannar (Orc:1)
  3 ragged hierophants (Desolation)
  4 servants of whispers (Desolation)
  4 ice dragons
  13 rakshasas
  2 ghost crabs
  10 peacekeepers
  10 ironbound frosthearts
  Erolcha (Orc:2)
  20 hydras
  4 ogre magi
  3 spriggan air magi
  8 boulder beetles
  22 centaur warriors
  2 catoblepae
  4 radroaches
  A jorogumo (Spider:2)
  26 two-headed ogres
  17 alligators
  A death knight (Abyss:3)
  6 death yaks
  9 dancing weapons (WizLab)
  2 deep troll shamans
  4 spriggan berserkers
  3 deep troll earth magi
  6 tengu warriors
  A vampire mage (Depths:4)
  An orc high priest (Orc:2)
  A spectral dire elephant (Lair:5)
  5 thrashing horrors
  A sun demon (Abyss:2)
  A soul eater (Abyss:3)
  4 hell knights (Vaults:5)
  8 wretched stars
  A spectral death yak (Lair:5)
  2 iron trolls
  A salamander mystic (Depths:1)
  2 sun moths
  2 shadow wraiths
  2 skysharks (Lair:4)
  9 pharaoh ants
  2 goliath frogs
  A spectral anaconda (Lair:5)
  2 death drakes (Swamp:3)
  62 deep trolls
  2 spriggan druids (Swamp:4)
  A flayed ghost (Abyss:2)
  2 glowing orange brains
  A deep troll (shapeshifter) (Abyss:3)
  A spatial maelstrom (Abyss:3)
  6 orb spiders
  7 bog bodies
  A steelbarb worm (shapeshifter) (Depths:4)
  2 phantasmal warriors
  6 swamp dragons
  2 deep elf archers
  7 wizards
  26 ironbound convokers
  13 orc knights
  18 harpies
  8 steelbarb worms
  21 wolf spiders
  A shining eye (Depths:2)
  6 necromancers
  3 orc sorcerers
  11 lindwurms
  47 ugly things
  2 deep elf pyromancers
  2 draconians (Abyss:3)
  9 spectral spriggans (Swamp:3)
  5 manticores
  A stone giant zombie (Vaults:1)
  A cyclops (D:11)
  7 moths of wrath
  A worldbinder (Abyss:2)
  3 will-o-the-wisps
  2 salamanders
  9 demonic crawlers
  An eye of devastation (Depths:2)
  18 vault sentinels
  An eye of devastation (shapeshifter) (Depths:4)
  2 molten gargoyles (D:13)
  A black mamba (shapeshifter) (D:13)
  2 ice statues
  11 elephants
  A black mamba (Lair:3)
  3 apocalypse crabs
  6 smoke demons (Abyss:3)
  A water nymph (shapeshifter) (Vaults:3)
  A titan simulacrum (Abyss:3)
  2 gargoyles
  12 cane toads
  A rime drake (shapeshifter) (Vaults:5)
  2 orange demons (Abyss:3)
  An unseen horror (D:12)
  7 torpor snails
  3 rime drakes
  A dire elephant skeleton (Lair:5)
  11 komodo dragons
  A komodo dragon (shapeshifter) (D:15)
  2 efreet
  6 freezing wraiths
  9 tengu conjurers
  50 yaktaurs
  A harpy zombie (Abyss:3)
  6 trolls
  5 ancient zymes (Abyss:3)
  3 meliai (D:14)
  A bloated husk (Swamp:4)
  51 saltlings
  6 tyrant leeches
  3 hornets (Swamp:2)
  17 polar bears
  A wolf spider simulacrum (D:13)
  28 tarantellas
  5 hellwings (Abyss:3)
  A raiju (shapeshifter) (Vaults:3)
  A sphinx simulacrum (Vaults:1)
  14 raiju
  12 blink frogs
  4 dream sheep (Lair:5)
  A spectral elephant (Lair:5)
  An ettin zombie (Vaults:1)
  27 slime creatures
  25 jumping spiders
  A human simulacrum (Vaults:1)
  A snapping turtle (shapeshifter) (Abyss:3)
  25 culicivoras
  25 large abominations
  A culicivora (shapeshifter) (Vaults:2)
  10 water elementals
  A spriggan (shapeshifter) (D:13)
  11 wraiths
  A shadow (Abyss:3)
  A centaur simulacrum (D:13)
  3 spriggans (Swamp:2)
  4 ynoxinuls (Abyss:3)
  An elf zombie (Vaults:1)
  2 fire bats (Depths:1)
  A vampire (D:13)
  3 golden eyes (Abyss:3)
  5 wyverns
  A dire elephant simulacrum (Lair:5)
  2 basilisks
  53 yaks
  Eustachio (D:5)
  4 ushabtiu (Desolation)
  A steam dragon (shapeshifter) (Vaults:3)
  46 redbacks
  15 vampire mosquitoes
  A death yak simulacrum (Lair:5)
  5 neqoxecs (Abyss:3)
  5 chaos spawn (Abyss:3)
  2 spatial vortices (Abyss:3)
  2 steam dragons
  14 swamp worms
  A swamp worm (shapeshifter) (Vaults:1)
  3 wargs
  2 spectral cane toads (Lair:5)
  A hydra simulacrum (Abyss:3)
  3 acid dragons
  4 floating eyes
  15 water moccasins
  Pargi (Sewer)
  A hell hound (Abyss:3)
  27 orc warriors
  2 sky beasts
  11 small abominations
  2 elephant zombies (Lair:5)
  8 ice beasts
  8 swamp drakes
  2 black bears (D:5)
  12 ogres
  10 boggarts (Vaults:1)
  22 wolves
  A phantom (D:4)
  13 centaurs
  4 kobold brigands
  11 bullfrogs
  2 cane toad simulacra (Lair:5)
  A gnoll sergeant (D:6)
  5 scorpions
  19 wights
  12 killer bees
  2 elephant simulacra (Lair:5)
  10 howler monkeys
  3 electric eels (D:11)
  3 quasits (Abyss:3)
  2 lava snakes (D:13)
  A jelly (D:6)
  A gnoll bouda (D:7)
  5 hounds
  13 orc priests
  67 starcursed masses
  10 orc wizards
  6 iguanas
  12 gnolls
  10 adders
  2 shadow imps
  5 white imps
  5 ufetubi
  A worm (D:3)
  3 dart slugs
  68 orcs
  7 endoplasms
  2 giant cockroaches
  A goblin (shapeshifter) (Depths:4)
  5 goblins
  14 hobgoblins
  33 kobolds
  4 quokkas
  3 ball pythons
  4 bats
  6 frilled lizards
  5 rats
  2 briar patches (Swamp:1)
  A bush (D:5)
  5 lurking horrors
  4 pillars of salt (Orc:2)
  10 starspawn tentacles
1989 creatures vanquished.

Vanquished Creatures (collateral kills)
  Arachne (Spider:4)
  A lich (Abyss:2)
  A tentacled starspawn (Abyss:2)
  Donald (Spider:4)
  A juggernaut zombie (Abyss:3)
  Louise (Spider:2)
  A very ugly thing (Abyss:3)
  2 spark wasps (Spider:2)
  An ettin (Depths:2)
  A fire dragon (Depths:1)
  An entropy weaver (Spider:4)
  A peacekeeper (Desolation)
  A jorogumo (Spider:2)
  Urug (D:10)
  2 large abominations (Abyss:3)
  An orb spider (Spider:3)
  An orc sorcerer (D:14)
  3 salamanders (Depths:1)
  A rust devil (Abyss:3)
  2 smoke demons
  A demonic crawler (Abyss:3)
  2 torpor snails
  A cane toad (Lair:5)
  A rime drake (Lair:5)
  2 ancient zymes (Abyss:3)
  A culicivora (Spider:3)
  3 jumping spiders
  2 yaks (Lair:5)
  A golden eye (Abyss:3)
  A redback (Spider:2)
  A boggart (D:13)
  A gnoll sergeant (D:10)
  A howler monkey (D:10)
  7 starcursed masses (Abyss:3)
  A small abomination (Abyss:2)
  A gnoll (D:10)
  2 white imps (Abyss:3)
  2 orcs (Orc:1)
56 creatures vanquished.

Vanquished Creatures (others)
  2 ragged hierophants (Desolation)
  A rakshasa (WizLab)
  A spriggan druid (Swamp:4)
  A swamp dragon (Swamp:4)
  An ironbound convoker (Desolation)
  An ugly thing (D:13)
  2 wolf spiders
  4 bloated husks
  A culicivora (Spider:1)
  3 briar patches (Swamp:1)
  A bush (Lair:5)
  2 foxfires (Swamp:1)
  16 fungi
  A lurking horror (Abyss:2)
  A pillar of salt (Orc:2)
  23 plants
  18 starspawn tentacles
  27 withered plants
106 creatures vanquished.

Grand Total: 2151 creatures vanquished

Notes
Turn   | Place    | Note
-------+----------+-------------------------------------------
     0 | D:1      | 2tousent the Hill Orc Fighter began the quest for the Orb.
     0 | D:1      | Reached XP level 1. HP: 19/19 MP: 1/1
   172 | D:1      | Reached XP level 2. HP: 24/27 MP: 2/2
   746 | D:2      | Identified 2 scrolls of acquirement
   746 | D:2      | Acquired a manual of Axes
   748 | D:2      | Acquired 640 gold pieces
   801 | D:2      | Reached XP level 3. HP: 33/33 MP: 3/3
   974 | D:2      | Identified the +10 whip "Irhayl" {flame, *Corrode rElec
                  | Dex+2}
  1158 | D:2      | Reached XP level 4. HP: 32/41 MP: 4/4
  1363 | D:3      | Found a faded altar of an unknown god.
  1406 | D:3      | Found a blossoming altar of Fedhas.
  1466 | D:3      | Reached skill level 5 in Axes
  1471 | D:3      | Reached XP level 5. HP: 25/47 MP: 5/5
  1577 | D:3      | Found a sacrificial altar of Ru.
  1601 | D:3      | Found a burning altar of Makhleb.
  1603 | D:3      | Found a white marble altar of Elyvilon.
  1852 | D:4      | Noticed an ogre
  1858 | D:4      | Killed an ogre
  1859 | D:4      | Reached skill level 5 in Fighting
  1915 | D:4      | Found a hide-covered altar of Uskayaw.
  1940 | D:4      | Reached skill level 5 in Armour
  1940 | D:4      | Reached XP level 6. HP: 56/56 MP: 6/6
  2363 | D:5      | Entered Level 5 of the Dungeon
  2379 | D:5      | Noticed a black bear
  2384 | D:5      | Killed a black bear
  2385 | D:5      | Reached XP level 7. HP: 63/63 MP: 7/7
  2422 | D:5      | Found a staircase to the Ecumenical Temple.
  2449 | Temple   | Entered the Ecumenical Temple
  2506 | Temple   | Became a worshipper of Qazlal Stormbringer
  2611 | D:5      | Found Fosi's Weapon Boutique.
  2657 | D:5      | Noticed Eustachio
  2684 | D:5      | Killed Eustachio
  2685 | D:5      | Reached skill level 1 in Evocations
  2685 | D:5      | Reached XP level 8. HP: 66/71 MP: 8/8
  2897 | D:5      | Reached skill level 10 in Axes
  3274 | D:6      | Reached * piety under Qazlal
  3283 | D:6      | Found a glowing drain.
  3292 | Sewer    | Entered a sewer
  3396 | Sewer    | Noticed Pargi
  3400 | Sewer    | Killed Pargi
  3401 | Sewer    | Reached XP level 9. HP: 77/81 MP: 9/9
  3723 | D:6      | Reached skill level 1 in Invocations
  4079 | D:7      | Reached ** piety under Qazlal
  4311 | D:7      | Reached skill level 15 in Axes
  4403 | D:7      | Reached XP level 10. HP: 91/91 MP: 12/12
  4544 | D:7      | Found a broken altar of Ashenzari.
  4656 | D:7      | Found a sparkling altar of Nemelex Xobeh.
  4658 | D:7      | Found a glowing golden altar of the Shining One.
  4906 | D:8      | Noticed a two-headed ogre
  4914 | D:8      | Killed a two-headed ogre
  5135 | D:8      | Reached skill level 5 in Invocations
  5158 | D:8      | Found a bloodstained altar of Trog.
  5166 | D:8      | Reached *** piety under Qazlal
  5240 | D:8      | Found Usyalateg's Book Emporium.
  5830 | D:9      | Reached skill level 10 in Fighting
  5835 | D:9      | Reached skill level 5 in Shields
  6105 | D:9      | Reached XP level 11. HP: 99/99 MP: 16/16
  6112 | D:9      | Reached **** piety under Qazlal
  6116 | D:9      | Noticed a centaur warrior
  6128 | D:9      | Killed a centaur warrior
  6129 | D:9      | Reached skill level 10 in Armour
  6419 | D:9      | Found a staircase to the Lair.
  6701 | D:10     | Entered Level 10 of the Dungeon
  6706 | D:10     | Acquired 890 gold pieces
  6876 | D:10     | Noticed Urug
  6884 | D:10     | Killed Urug
  6956 | D:10     | Identified the scarf of Sonuic {harm, rPois rC+ Int+3}
  7197 | D:10     | Reached skill level 10 in Invocations
  7638 | D:11     | Noticed a wolf spider
  7643 | D:11     | Killed a wolf spider
  7650 | D:11     | Reached XP level 12. HP: 87/106 MP: 16/20
  7678 | D:11     | Noticed a boulder beetle
  7693 | D:11     | Acquired a +2 vampiric broad axe
  7888 | D:11     | Killed a boulder beetle
  8101 | D:11     | Reached skill level 10 in Shields
  8269 | D:11     | Found a staircase to the Orcish Mines.
  8521 | D:12     | Found Muir's Vocational Training.
  8550 | D:12     | Bought a manual of Invocations for 1440 gold pieces
  8655 | D:12     | Noticed a two-headed ogre
  8665 | D:12     | Killed a two-headed ogre
  8666 | D:12     | Reached skill level 1 in Dodging
  8811 | D:12     | Identified the +1 leather armour "Uhapnush" {rF+}
  9022 | D:13     | Noticed a two-headed ogre
  9026 | D:13     | Killed a two-headed ogre
  9051 | D:13     | Noticed a catoblepas
  9063 | D:13     | Killed a catoblepas
  9084 | D:13     | Noticed a centaur warrior
  9097 | D:13     | Killed a centaur warrior
  9311 | D:13     | Noticed a centaur warrior
  9312 | D:13     | Noticed a two-headed ogre
  9321 | D:13     | Killed a centaur warrior
  9322 | D:13     | Reached XP level 13. HP: 84/117 MP: 20/23
  9758 | Lair:1   | Entered Level 1 of the Lair of Beasts
  9762 | Lair:1   | Reached skill level 15 in Invocations
 10514 | Lair:2   | Found a hole to the Spider Nest.
 10839 | Lair:2   | Found a staircase to the Swamp.
 11310 | Lair:3   | Reached skill level 5 in Dodging
 11369 | Lair:3   | Reached XP level 14. HP: 129/129 MP: 26/26
 11372 | Lair:3   | Reached ***** piety under Qazlal
 12067 | Lair:4   | Found a staircase to the Slime Pits.
 12667 | Lair:5   | Entered Level 5 of the Lair of Beasts
 13140 | Lair:5   | Noticed a dire elephant
 13140 | Lair:5   | Noticed a dire elephant
 13968 | Lair:5   | Killed a dire elephant
 13969 | Lair:5   | Reached XP level 15. HP: 139/139 MP: 28/28
 14063 | Lair:5   | Reached skill level 15 in Fighting
 14263 | Orc:1    | Entered Level 1 of the Orcish Mines
 14269 | Orc:1    | Found Fulysseal's Overcharged Wands.
 14287 | Orc:1    | Found a frozen archway.
 14299 | IceCv    | Entered an ice cave
 14602 | IceCv    | Found the +4 skin of Zhor {*Englaciate rC+++ SInv}
 14980 | Orc:1    | Noticed Fannar
 14991 | Orc:1    | Killed Fannar
 15006 | Orc:1    | Found a transporter.
 15037 | Orc:1    | Noticed an orc warlord
 15051 | Orc:1    | Killed an orc warlord
 15137 | Orc:1    | Identified the +5 great mace "Hill Orc's Curse" {heavy,
                  | Int+3}
 15137 | Orc:1    | Identified the +9 great mace of Ysafowaq {antimagic, Drain
                  | rElec rN+++ Will-}
 15137 | Orc:1    | Noticed caveywoolpert's ghost (journeyman GrEE)
 15140 | Orc:1    | Found a transporter.
 15140 | Orc:1    | Found a transporter.
 15151 | Orc:1    | Found a transporter.
 15236 | Orc:1    | Found an ornate altar of the Wu Jian Council.
 15236 | Orc:1    | Found a transporter.
 15256 | Orc:1    | Found a transporter.
 15507 | Orc:1    | Found an ornate altar of the Wu Jian Council.
 15508 | Orc:1    | Noticed an orc warlord
 15515 | Orc:2    | Entered Level 2 of the Orcish Mines
 15682 | Orc:2    | Noticed Erolcha
 15690 | Orc:2    | Killed Erolcha
 15828 | Orc:2    | Reached ****** piety under Qazlal
 15941 | Orc:2    | Found Naecaske's Assorted Antiques.
 15949 | Orc:2    | Paralysed by an orc sorcerer for 2 turns
 15994 | Orc:2    | Found Duijou's Antique Weapon Shop.
 15995 | Orc:2    | Found a roughly hewn altar of Beogh.
 15996 | Orc:2    | Found Nidod's Antique Armour Shop.
 16077 | Orc:2    | Found a staircase to the Elven Halls.
 16214 | Orc:2    | Found Tisyak's Book Emporium.
 16428 | Orc:2    | Bought a faintly humming chain mail for 275 gold pieces
 16428 | Orc:2    | Identified the +4 chain mail of the Trilobite {Regen+} (You
                  | bought it in a shop on level 2 of the Orcish Mines)
 16979 | D:14     | Reached skill level 15 in Shields
 16979 | D:14     | Reached XP level 16. HP: 140/151 MP: 30/30
 17470 | D:14     | Paralysed by an orc sorcerer for 5 turns
 17800 | D:14     | Found a gate to the Vaults.
 17972 | D:15     | Entered Level 15 of the Dungeon
 18055 | D:15     | Found a staircase to the Depths.
 18125 | D:15     | Found Zawur's Antique Weapon Shoppe.
 18805 | Swamp:1  | Entered Level 1 of the Swamp
 18861 | Swamp:1  | Noticed a thorn hunter
 18884 | Swamp:1  | Killed a thorn hunter
 19353 | Swamp:2  | Reached XP level 17. HP: 162/162 MP: 32/32
 19979 | Swamp:3  | Noticed a tentacled monstrosity
 20044 | Swamp:3  | Killed a tentacled monstrosity
 20908 | Swamp:4  | Entered Level 4 of the Swamp
 21319 | Swamp:4  | Reached skill level 15 in Armour
 21402 | Swamp:4  | Got a decaying rune of Zot
 21631 | Spider:1 | Entered Level 1 of the Spider Nest
 21687 | Spider:1 | Noticed Nikola
 21716 | Spider:1 | Killed Nikola
 21746 | Spider:1 | Noticed Kirke
 21751 | Spider:1 | Killed Kirke
 21777 | Spider:1 | Reached XP level 18. HP: 174/174 MP: 33/33
 21986 | Spider:1 | Identified the +4 long sword "Goblinslayer" {pain, rElec
                  | rF++ Int-3 SInv}
 22073 | Spider:1 | Noticed Josephine
 22082 | Spider:1 | Killed Josephine
 22543 | Spider:2 | Reached skill level 5 in Evocations
 23057 | Spider:2 | Noticed Louise
 23060 | Abyss:2  | Found a corrupted altar of Lugonu.
 23060 | Abyss:2  | Cast into level 2 of the Abyss (Louise)
 23084 | Abyss:2  | Found a corrupted altar of Lugonu.
 23086 | Spider:2 | Escaped the Abyss
 23096 | Spider:2 | Killed Louise
 24899 | Spider:4 | Entered Level 4 of the Spider Nest
 25015 | Spider:4 | Reached XP level 19. HP: 175/179 MP: 35/35
 25138 | Spider:4 | Noticed Arachne
 25143 | Spider:4 | Noticed Donald
 25149 | Spider:4 | Killed Arachne
 25152 | Spider:4 | Killed Donald
 25271 | Spider:4 | Noticed Roxanne
 25444 | Spider:4 | Identified the +1 rapier of the Jumping Fox {flame, rCorr
                  | MP+9 Stlth-}
 25713 | Spider:4 | Got a gossamer rune of Zot
 26305 | Depths:1 | Entered Level 1 of the Depths
 26563 | Depths:1 | Found a gateway to Hell.
 26713 | Depths:1 | Found a corrupted altar of Lugonu.
 26719 | Depths:1 | Found a one-way gate to the infinite horrors of the Abyss.
 27586 | Depths:2 | Found a basalt altar of Yredelemnul.
 27595 | Depths:2 | Reached XP level 20. HP: 179/193 MP: 36/36
 27625 | Depths:2 | Gained mutation: You occasionally lose the ability to drink
                  | potions when taking damage. [a shining eye]
 27720 | Depths:2 | Found a one-way gateway to a ziggurat.
 27725 | Depths:2 | Paralysed by a floating eye for 2 turns
 27729 | Depths:2 | Gained mutation: You have an increased reservoir of magic.
                  | (+10% MP) [a shining eye]
 27731 | Depths:2 | Lost mutation: You occasionally lose the ability to drink
                  | potions when taking damage. [potion of mutation]
 27731 | Depths:2 | Lost mutation: You have an increased reservoir of magic.
                  | (+10% MP) [potion of mutation]
 27731 | Depths:2 | Gained mutation: You passively map a small area around you.
                  | [potion of mutation]
 27731 | Depths:2 | Gained mutation: You expend magic power (3 MP) to
                  | strengthen your wands. [potion of mutation]
 27772 | Depths:2 | Found a one-way gate leading to the halls of Pandemonium.
 28471 | Depths:3 | Noticed Mennas
 28524 | Depths:3 | Killed Mennas
 28684 | Depths:3 | Noticed a juggernaut
 28703 | Depths:3 | Killed a juggernaut
 28711 | Depths:3 | Found the +4 Cigotuvi's embrace {Corpsefed rMiasma Drain
                  | rN+}
 28929 | Depths:3 | Found a hide-covered altar of Uskayaw.
 28938 | Depths:3 | Reached skill level 10 in Dodging
 29310 | Depths:4 | Entered Level 4 of the Depths
 29444 | Depths:4 | Noticed a caustic shrike
 29444 | Depths:4 | Noticed a caustic shrike
 29444 | Depths:4 | Noticed a caustic shrike
 29452 | Depths:4 | Killed a caustic shrike
 29454 | Depths:4 | Killed a caustic shrike
 29457 | Depths:4 | Killed a caustic shrike
 29701 | Depths:4 | Noticed a golden dragon
 29720 | Depths:4 | Killed a golden dragon
 29780 | Depths:4 | Found a gate to the Realm of Zot.
 29843 | Depths:4 | Reached XP level 21. HP: 190/207 MP: 38/38
 30088 | Depths:4 | Found a corrupted altar of Lugonu.
 30290 | Vaults:1 | Entered Level 1 of the Vaults
 30390 | Vaults:1 | Reached skill level 27 in Invocations
 31444 | Abyss:2  | Cast into level 2 of the Abyss (a wizard)
 31453 | Abyss:2  | Noticed a bone dragon
 31493 | Abyss:2  | Noticed a bone dragon
 31512 | Abyss:2  | Killed a bone dragon
 31597 | Abyss:2  | Reached XP level 22. HP: 163/220 MP: 31/31
 31637 | Vaults:1 | Escaped the Abyss
 31714 | Vaults:1 | You are sucked into a shaft and drop 1 floor!
 31719 | Vaults:2 | Reached skill level 10 in Evocations
 31847 | Vaults:2 | Found a magical portal.
 31852 | WizLab   | Entered Tukima's Studio
 32066 | WizLab   | Noticed 2tousent's illusion
 32108 | WizLab   | Noticed 2tousent's illusion
 32159 | WizLab   | Noticed 2tousent's illusion
 32170 | WizLab   | Identified the scarf of Pleasant Breezes {repulsion, rPois
                  | rF- Will+ Dex+2}
 32690 | Vaults:2 | Found Junumar's General Store.
 33498 | Vaults:3 | Found a staircase to the Crypt.
 33592 | Vaults:3 | Reached XP level 23. HP: 234/234 MP: 40/40
 33713 | Vaults:3 | Found a crumbling gateway.
 33722 | Desolati | Entered the Desolation of Salt
 33956 | Desolati | Identified the ring of Nemiudac {rF+ Dex+6 SInv}
 33974 | Desolati | Identified the amulet of Satyriasis {rPois Regen+ Dex-3
                  | Stlth+}
 33977 | Desolati | Got the Volume of Ensorcelling
 33987 | Desolati | Learned a level 2 spell: Wereblood
 34300 | Desolati | Reached skill level 1 in Spellcasting
 34307 | Desolati | Reached skill level 1 in Transmutations
 34363 | Desolati | Got the Directory of Plutonic Arcane Combat
 34369 | Desolati | Identified the +3 robe of the Living Jabberwock {rC+++
                  | Regen+ Str+4 Dex-4}
 34369 | Desolati | Identified the ring of Polytheism {rElec AC+4 Int+5}
 34738 | Desolati | Got the Grimoire of Imprecation
 34740 | Desolati | Got the Almanac of Entranced Distance
 34741 | Desolati | Identified the +0 war axe of the Beginning {flame, Will+
                  | rCorr Str+4 Dex+2}
 34743 | Desolati | Identified the ring of the Eagle {rF+ rCorr Str+6 Int+3}
 34746 | Desolati | Got the Octavo of Transmutation
 34750 | Desolati | Got the Spellbook of the Lost Spines
 34753 | Desolati | Identified the amulet "Lotemet" {Spirit Harm}
 34755 | Desolati | Identified the staff of death "Dearoaw" {rElec rN+}
 34949 | Vaults:3 | Identified the +4 rapier "Ratt" {flame, rF+}
 35032 | Vaults:3 | Identified the +4 arbalest "Zoaq Loa" {drain, rElec Dex+4}
 35994 | Vaults:4 | Identified the +4 chain mail of the Game of Kings {Will++
                  | Str+5 Dex-5}
 36753 | Vaults:5 | Entered Level 5 of the Vaults
 36768 | Vaults:5 | Reached XP level 24. HP: 236/245 MP: 40/40
 36774 | Vaults:5 | Reached skill level 5 in Spellcasting
 36774 | Vaults:5 | Reached skill level 5 in Transmutations
 36809 | Abyss:3  | Cast into level 3 of the Abyss (a deep elf sorcerer)
 36838 | Abyss:3  | Found a corrupted altar of Lugonu.
 36868 | Abyss:3  | Paralysed by accursed screaming for 1 turns
 37042 | Abyss:3  | Gained mutation: You are dopey. (Int -2) [a neqoxec]
 37047 | Abyss:3  | Gained mutation: You occasionally shout uncontrollably at
                  | your foes. [a neqoxec]
 37114 | Abyss:3  | Found a corrupted altar of Lugonu.
 37177 | Abyss:3  | Found a corrupted altar of Lugonu.
 37370 | Abyss:3  | Paralysed by accursed screaming for 1 turns
 37401 | Abyss:3  | Reached skill level 27 in Fighting
 37438 | Abyss:3  | Paralysed by accursed screaming for 1 turns
 37448 | Abyss:3  | Paralysed by accursed screaming for 1 turns
 37548 | Abyss:3  | Paralysed by accursed screaming for 1 turns
 37555 | Abyss:3  | Noticed an ancient lich
 37559 | Abyss:3  | Paralysed by accursed screaming for 2 turns
 37571 | Abyss:3  | Killed an ancient lich
 37573 | Abyss:3  | Paralysed by accursed screaming for 2 turns
 37747 | Abyss:3  | Reached XP level 25. HP: 146/231 MP: 32/32
 37760 | Abyss:3  | Noticed a dread lich
 37761 | Abyss:3  | Killed a dread lich
 37767 | Abyss:3  | HP: 11/257 [daeva/divine providence (10)]
 37807 | Abyss:3  | HP: 12/257 [large abomination (5)]
 37810 | Abyss:3  | Mangled by a daeva

Illustrated notes

Levels and vault maps discovered:
D:1:      heliophobic_arrival_henge, layout_loops_ring,
          nicolae_concentric_dashed_squares_wild, dk_noncrumbling_4
D:2:      layout_rooms, roderic_cross_of_infinity
D:3:      layout_rooms, fedhas_altar_2, grunt_temple_overflow_open,
          basic_ecumenical_altar
D:4:      layout_gridville, old_standard_altar
D:5:      layout_loops_ring, minmay_temple_entry_arrows, serial_shops,
          nicolae_shop_temple_entry_statues_fountains, kb_lookout_dungeons_type,
          amcnicky_mini_corridor_feature, uniq_eustachio
D:6:      layout_rooms, portal_sewer_entry_d, minmay_unpleasant_kobolds
D:7:      layout_loops_ring, nicolae_overflow_hidden_temple
D:8:      layout_cave_pods, trog_hazing_becter, serial_shops,
          nicolae_lakefront_shop, minmay_lizard_king
D:9:      minmay_recursive_quarters, layout_irregular_city, evilmike_minifort
D:10:     layout_layer_cave, uniq_urug
D:11:     layout_basic, kennysheep_island_fort
D:12:     layout_roguey, nicolae_shop_vocational
D:13:     minmay_dotted_concentric_squares, layout_basic, serial_rivers,
          chequers_serial_rivers_room_a, chequers_serial_rivers_small_3,
          chequers_serial_rivers_micro_a, chequers_serial_rivers_room_b,
          chequers_serial_rivers_micro_a
D:14:     layout_irregular_city, grunt_vaults_entry_fortified,
          infiniplex_staircase_door_maze
D:15:     grunt_enter_depths_hoard, layout_rooms, serial_shops,
          nicolae_shop_waterfront
Temple:   nicolae_temple_bog_church
Lair:1:   layout_misc_corridors
Lair:2:   layout_long_grid, minmay_swamp_entry_swarm, spider_nest_entry_webs,
          infiniplex_staircase_pool
Lair:3:   layout_chaotic_city, ice2_lemuel
Lair:4:   layout_cave_shapes, slime_entry_1
Lair:5:   due_jungle_book, layout_cave_pods
Swamp:1:  layout_basic_swamp, evilmike_swamp_ruin_house_5, swamp_pool1
Swamp:2:  layout_basic_swamp, hangedman_swamp_ruin_hall
Swamp:3:  nicolae_swamp_flooded_prison, layout_basic_swamp,
          evilmike_swamp_ruin_house_6, swamp_pool3, nicolae_swamp_big_swirl
Swamp:4:  swamp, layout_basic_swamp
Spider:1: layout_spider_delve, uniq_nikola, uniq_kirke, uniq_josephine
Spider:2: nicolae_spider_hilbert_zone_4 [nicolae_spider_hilbert_4_sides_2_open,
          nicolae_spider_hilbert_4_sides_1_open,
          nicolae_spider_hilbert_4_sides_1_open,
          nicolae_spider_hilbert_4_sides_1_open,
          nicolae_spider_hilbert_4_sides_1_open,
          nicolae_spider_hilbert_2_sides_1_open,
          nicolae_spider_hilbert_2_sides_1_open,
          nicolae_spider_hilbert_2_sides_1_open,
          nicolae_spider_hilbert_2_sides_1_open,
          nicolae_spider_hilbert_6_sides_1_open,
          nicolae_spider_hilbert_6_sides_1_open,
          nicolae_spider_hilbert_3_sides_1_open,
          nicolae_spider_hilbert_3_sides_1_open], uniq_louise
Spider:3: layout_chambers, nicolae_spider_bug_shape,
          hangedman_spider_tarantella_strand
Spider:4: guppyfry_spider_rune, uniq_roxanne, uniq_donald, uniq_arachne
Orc:1:    dreamdust_wu_jian_sword_trials, layout_caves, gammafunk_ghost_smash,
          portal_ice_cave_entry_pillars_2, nicolae_shop_overcharged_wands,
          uniq_fannar
Orc:2:    hellmonk_orc_salted, layout_diamond_mine, uniq_erolcha
Vaults:1: st_octagons_2, grunt_vaults_hallway_long, ontoclasm_vaults_idyll,
          nicolae_vaults_arrows, dpeg_vaults_monster_box, vaults_room_hallway,
          hangedman_vaults_hat, hangedman_vaults_stitches,
          dpeg_vaults_monster_row, v_alt_pattern_4, hangedman_vaults_capsules,
          layout_vaults_maze_bifur
Vaults:2: infiniplex_enter_wizlab_spiral, nicolae_vaults_little_squares_3,
          vaults_room_door_ring, hangedman_vaults_unwind, st_more_cells,
          hangedman_vaults_corner_blocks, v_misc_4,
          nicolae_vaults_little_squares_5, layout_vaults_big_cross,
          serial_shops, shop
Vaults:3: portal_desolation_entry_nicolae_slug, nicolae_vaults_little_squares_5,
          vaults_mumra_minichess, grunt_vaults_diagonal,
          minmay_crypt_entry_simple_sparse, grunt_vaults_swirl, v_misc_15,
          grunt_vaults_hallway_long, v_misc_26, kb_rosetta,
          nicolae_vaults_yaktaur_gun_rack, v_alt_pattern_2, layout_vaults_ring
Vaults:4: nicolae_vaults_theta, v_misc_27, grunt_vaults_focal, v_pattern_2,
          v_misc_9, st_lattice, nicolae_vaults_circle_grid_a,
          nicolae_vaults_theta, ontoclasm_vaults_idyll,
          vaults_dpeg_encased_lava, nicolae_vaults_alarming,
          layout_vaults_chaotic_city
Vaults:5
Depths:1: layout_cave_pools, minmay_misc_feat_more_columns, hell_entry,
          hangedman_abyss_or_decor_stagger, nrook_pool_corridor, minivault_16,
          ebering_dispersal_statue_hall, minivault_11, minivault_22,
          st_stairs_12, amcnicky_altar_lugonu_corruption
Depths:2: minmay_slanted_spiral_squares, layout_cave_pools, enter_ziggurat_c,
          chequers_serial_rivers_large_b, pf_coc_iceberg, pan_entry,
          abyss_entry, wad_floor_pattern_untrapped,
          yredelemnul_forgotten_temple_becter, minmay_staircase_statues,
          serial_bayou_shore_b, uniq_josephina
Depths:3: minmay_shrinking_squares, layout_gridlike, grunt_hell_entry_dis_grunt,
          nicolae_uskayaw_dance_hall, abyss_entry, serial_bayou_shore_b,
          uniq_mennas
Depths:4: grunt_zot_entry_alcove, layout_cave_pools, abyss_entry_flame_altar,
          hell_entry, evilmike_butchery, grunt_megastairs_2
Abyss:3:  base: Depths:1, hangedman_decor_points,
          hangedman_abyss_overflow_altar, gammafunk_abyss_rune_reverse_zot,
          gammafunk_abyss_rune_reverse_zot, hangedman_abyss_or_decor_clamps,
          gammafunk_abyss_rune_reverse_zot, hangedman_shadowy_showcase

Skill      XL: |  1  2  3  4  5  6  7  8  9 10 11 12 13 14 15 16 17 18 19 20 21 22 23 24 25 |
---------------+----------------------------------------------------------------------------+-----
Axes           | 3 4 5 6 7 9 12 15 16 18 19 20 21 22 | 22.4
Fighting       | 4 5 6 7 9 10 11 13 14 16 17 18 19 21 22 23 25 26 27 | 27.0
Armour         | 4 5 6 7 8 9 10 12 13 15 17 19 20 | 20.0
Evocations     | 1 3 4 5 6 9 10 | 10.0
Invocations    | 3 7 11 14 16 19 21 22 23 24 25 26 27 | 27.0
Shields        | 5 9 11 12 13 15 16 | 16.0
Dodging        | 3 5 7 9 10 | 10.0
Spellcasting   | 4 6 7 |  7.0
Transmutations | 4 6 7 |  7.0

Action                     |  1- 3 |  4- 6 |  7- 9 | 10-12 | 13-15 | 16-18 | 19-21 | 22-24 | 25-27 || total
---------------------------+-------+-------+-------+-------+-------+-------+-------+-------+-------++-------
  Melee: War axe           |    87 |    94 |   243 |   343 |       |       |       |       |       ||   767
         Broad axe         |       |       |       |   148 |   988 |  1190 |  1255 |  1420 |    32 ||  5033
         Hand axe          |       |       |       |       |    19 |    75 |       |       |       ||    94
   Cast: Wereblood         |       |       |       |       |       |       |       |     1 |       ||     1
 Invoke: Upheaval          |       |       |       |     8 |     9 |     8 |    10 |    16 |       ||    51
         Elemental Force   |       |       |       |     1 |     2 |     6 |     4 |     7 |     2 ||    22
         Disaster Area     |       |       |       |       |     1 |       |       |     1 |     1 ||     3
  Evoke: Wand              |       |     2 |       |     2 |    12 |       |     2 |     2 |       ||    20
         Condenser vane    |       |       |       |       |       |     3 |       |       |       ||     3
    Use: Scroll            |     4 |     5 |     9 |    11 |     4 |     9 |     9 |     2 |       ||    53
         Potion            |       |     1 |       |     1 |       |     1 |     3 |    13 |     7 ||    26
   Stab: Petrified         |       |       |       |       |     1 |       |       |       |       ||     1
         Paralysed         |       |       |       |       |     2 |     2 |     5 |       |       ||     9
         Confused          |       |       |       |       |       |     1 |       |       |       ||     1
         Distracted        |       |       |       |       |       |       |     1 |     2 |       ||     3
 Armour: Scale mail        |    44 |    42 |    56 |       |       |       |       |       |       ||   142
         Plate armour      |       |       |    20 |   180 |   301 |       |       |       |       ||   501
         Chain mail        |       |       |       |       |    15 |   507 |   316 |       |       ||   838
         Gold dragon scale |       |       |       |       |       |       |   222 |   548 |    26 ||   796
  Dodge: Dodged            |    35 |    33 |    80 |    46 |   138 |   294 |   334 |   253 |     8 ||  1221
         Repelled          |       |       |       |     2 |       |     6 |     7 |    12 |     1 ||    28
  Block: Buckler           |    21 |    21 |    42 |     6 |       |       |       |       |       ||    90
         Tower shield      |       |       |       |   444 |  1004 |    32 |       |       |       ||  1480
         Kite shield       |       |       |       |       |       |  1196 |  1269 |  1205 |    23 ||  3693
         Reflection        |       |       |       |       |       |       |    34 |    74 |       ||   108

Table legend: (Time is in decaauts)
 A = Elapsed time spent in this place.
 B = Non-inter-level travel time spent in this place.
 C = Inter-level travel time spent in this place.
 D = Time resting spent in this place.
 E = Time spent auto-exploring this place.
 F = Levels seen in this place.
 G = Mean time per level.
                   A        B        C        D        E       F      G
               +--------+--------+--------+--------+--------+-----+--------+
         Total |  37090 |  34487 |   2603 |    742 |  23714 |  47 |  789.1 |
       Dungeon |  12134 |  11028 |   1106 |    122 |   8243 |  15 |  808.9 |
        Temple |     77 |     58 |     19 |      0 |     40 |   1 |   77.0 |
          Lair |   4568 |   4181 |    387 |      0 |   3279 |   5 |  913.6 |
         Swamp |   2748 |   2521 |    227 |     27 |   1707 |   4 |  687.0 |
   Spider Nest |   4274 |   4122 |    152 |     37 |   3010 |   4 | 1068.5 |
  Orcish Mines |   1620 |   1378 |    242 |      3 |   1037 |   2 |  810.0 |
        Vaults |   4525 |   4426 |     99 |      0 |   3128 |   5 |  905.0 |
        Depths |   3747 |   3379 |    368 |    220 |   2208 |   4 |  936.8 |
         Abyss |   1100 |   1100 |      0 |     84 |     20 |   3 |  366.7 |
         Sewer |    123 |    123 |      0 |      0 |     94 |   1 |  123.0 |
      Ice Cave |    624 |    624 |      0 |      0 |    316 |   1 |  624.0 |
        Wizlab |    391 |    391 |      0 |      0 |    173 |   1 |  391.0 |
    Desolation |   1154 |   1154 |      0 |    248 |    459 |   1 | 1154.0 |
               +--------+--------+--------+--------+--------+-----+--------+

Top non-repeatable levels by time:
  Lair:5: 1447 daAuts
Spider:3: 1385 daAuts
 Swamp:3: 1219 daAuts
Desolation: 1154 daAuts
Vaults:1: 1151 daAuts
Vaults:4: 1128 daAuts
    D:14: 1122 daAuts
Vaults:2: 1111 daAuts
Vaults:3: 1087 daAuts
     D:9: 1081 daAuts
    D:13: 1065 daAuts
Spider:4: 1065 daAuts
Depths:2: 1064 daAuts
Spider:2: 1051 daAuts
Depths:1: 1029 daAuts
